 Dungeon Crawl Stone Soup version 0.24-a0-639-gb70a11d811 (webtiles) character file.

Game seed: 7319338831462400043, levelgen mode: deterministic

119 Kohma the Purveyor of Pain (level 4, -4/33 HPs)
             Began as a Demonspawn Necromancer on Sept 23, 2019.
             Was an Initiate of Kikubaaqudgha.
             Slain by a gnoll
             ... wielding a +0 spear
              (12 damage)
             ... on level 3 of the Dungeon.
             The game lasted 00:16:05 (2787 turns).

Kohma the Purveyor of Pain (Demonspawn Necromancer) Turns: 2787, Time: 00:16:06

Health: -4/33      AC:  2    Str:  9    XL:     4   Next: 74%
Magic:  0/8        EV: 12    Int: 17    God:    Kikubaaqudgha [......]
Gold:   97         SH:  0    Dex: 13    Spells: 3/8 levels left

rFire    . . .     SeeInvis .   b - +2 short sword (venom)
rCold    + . .     Gourm    .   (no shield)
rNeg     . . .     Faith    .   g - +0 robe
rPois    .         Spirit   +   (no helmet)
rElec    .         Reflect  .   (no cloak)
rCorr    .         Harm     .   (no gloves)
MR       .....                  (no boots)
Stlth    ++........             (no amulet)
HPRegen  0.11/turn              (no ring)
MPRegen  0.11/turn              (no ring)

@: very slightly contaminated
A: cold resistance 1, magic shield
a: Renounce Religion


You were on level 3 of the Dungeon.
You worshipped Kikubaaqudgha.
Kikubaaqudgha was noncommittal.
You were not hungry.

You visited 1 branch of the dungeon, and saw 3 of its levels.
You also visited: Sewer.

You collected 97 gold pieces.

Inventory:

Hand Weapons
 a - a +1 hunting sling of velocity
 b - a +2 short sword of venom (weapon)
 k - a +0 short sword
 n - a +4 short sword
 p - a +1 dagger of venom
Missiles
 h - 8 boomerangs
 j - 17 poisoned darts
 m - 118 stones (quivered)
Armour
 g - a +0 robe (worn)
Scrolls
 d - 2 scrolls of remove curse {unknown}
 e - 2 scrolls of identify {unknown}
 f - 3 scrolls of teleportation {unknown}
 l - 2 scrolls of blinking {unknown}
 r - a scroll of amnesia {unknown}
Potions
 i - 2 potions of heal wounds {unknown}
 o - a potion of flight {unknown}
 q - a potion of berserk rage {unknown}
 s - a potion of magic {unknown}
Comestibles
 c - a ration


   Skills:
 + Level 2.0 Fighting
 - Level 1.7 Dodging
 - Level 1.7 Stealth
 + Level 2.8 Spellcasting
 * Level 5.7 Necromancy


You had 3 spell levels left.
You knew the following spells:

 Your Spells              Type           Power        Failure   Level  Hunger
a - Pain                  Necr           ###.         1%          1    #......
b - Animate Skeleton      Necr           N/A          1%          1    #......
c - Regeneration          Chrm/Necr      ##........   16%         3    ###....

Your spell library contained the following spells:

 Spells                   Type           Power        Failure   Level  Hunger
 Sublimation of Blood     Necr           ###.......   2%          2    ##.....
 Vampiric Draining        Necr           ###.......   4%          3    ###....
 Animate Dead             Necr           N/A          17%         4    #####..


Dungeon Overview and Level Annotations

Branches:
Dungeon (3/15)              Sewer (visited)

Altars:
Elyvilon
Kikubaaqudgha
Ru


Innate Abilities, Weirdness & Mutations

Your flesh is cold resistant. (rC+)
When hurt, damage is shared between your health and your magic reserves.


Message History

Casting: Pain (safe; 1% risk of failure)
Confirm with . or Enter, or press ? or * to list all spells.
Aiming: Pain (safe; 1% risk of failure)
Press: ? - help, Shift-Dir - straight line, f/p - gnoll
Aim: a gnoll, wielding a +0 flail (heavily wounded, chance to defeat MR: 86%)
The gnoll barely resists.
The gnoll closely misses you. The gnoll hits you but does no damage.
Your +2 short sword of venom begins to drip with poison!
b - a +2 short sword of venom (weapon)
The gnoll closely misses you.
You hit the gnoll.
The gnoll is severely wounded.
The gnoll misses you.
The gnoll hits you from afar with a +0 spear.
* * * LOW HITPOINT WARNING * * *
You hit the gnoll but do no damage.
The gnoll is poisoned.
The gnoll is severely wounded.
The gnoll hits you from afar with a +0 spear!
You die...
Kikubaaqudgha rasps: "You have failed me!
Welcome... death!"

#...# #..# #
#...###..#.#
#........#.#
#..........#
#...####g###
#..## #.#
#..# #g###
#.#######
#..# #.g.g
#....@g.#
#..# #####
#######g#
#..# #.#
#..########
#g#
#..........
#g#
#..########
#.# #..# #.#
#..# #.#
#g.# #.#
#.##


You could see 2 gnolls.

Vanquished Creatures
  A gnoll (D:3)
  4 adders
  A river rat (D:3)
  2 oozes
  A dart slug (D:3)
  A leopard gecko (D:2)
  An orc (D:3)
  A giant cockroach (D:3)
  2 goblins (D:1)
  7 jackals
  11 kobolds
  5 ball pythons
  7 bats
  5 frilled lizards
  5 rats
54 creatures vanquished.

Vanquished Creatures (collateral kills)
  A ball python (D:3)
  A bat (D:1)
  A frilled lizard (Sewer)
  3 rats
6 creatures vanquished.

Vanquished Creatures (others)
  A plant (Sewer)
1 creature vanquished.

Grand Total: 61 creatures vanquished

Notes
Turn   | Place    | Note
-------+----------+-------------------------------------------
     0 | D:1      | Kohma the Demonspawn Necromancer began the quest for the
                  | Orb.
     0 | D:1      | Reached XP level 1. HP: 13/13 MP: 3/3
   321 | D:1      | Gained mutation: Your flesh is cold resistant. (rC+)
                  | [demonic ancestry]
   321 | D:1      | Reached XP level 2. HP: 19/20 MP: 3/5
   387 | D:1      | Learned a level 1 spell: Animate Skeleton
   506 | D:1      | Reached skill level 1 in Fighting
   959 | D:1      | You fall into a shaft and drop 1 floor!
  1007 | D:2      | Found an ancient bone altar of Kikubaaqudgha.
  1008 | D:2      | Reached skill level 5 in Necromancy
  1008 | D:2      | Gained mutation: When hurt, damage is shared between your
                  | health and your magic reserves. [demonic ancestry]
  1008 | D:2      | Reached XP level 3. HP: 26/26 MP: 6/6
  1031 | D:2      | Became a worshipper of Kikubaaqudgha
  1431 | D:2      | Found a white marble altar of Elyvilon.
  1485 | D:2      | Learned a level 3 spell: Regeneration
  1611 | D:2      | Found a sacrificial altar of Ru.
  1967 | D:3      | Reached XP level 4. HP: 32/32 MP: 7/7
  2048 | D:3      | Found a glowing drain.
  2083 | Sewer    | Entered a sewer
  2404 | Sewer    | Reached * piety under Kikubaaqudgha
  2404 | Sewer    | Identified Kikubaaqudgha's Grimoire of Darkness
                  | (Kikubaaqudgha gifted it to you in a sewer)
  2404 | Sewer    | Received a gift from Kikubaaqudgha
  2787 | D:3      | Slain by a gnoll

Levels and vault maps discovered:
D:1:      dpeg_arrival_rhombi, layout_basic
D:2:      layout_loops_ring, kiku_gazebo_garden_becter, marbit_many_paths,
          nicolae_overflow_crystal_walls, minmay_tromino_i4
D:3:      layout_loops_ring, trog_eyes_of_draining,
          nicolae_overflow_hidden_temple, grunt_gozag_breadcrumbs,
          portal_sewer_entry_c, minmay_diced_spiral

Skill      XL: |  1  2  3  4 |
---------------+-------------+-----
Fighting       | 1 2 |  2.0
Necromancy     | 5 |  5.7
Dodging        | |  1.7
Stealth        | |  1.7
Spellcasting   | |  2.8

Action                   |  1- 3 |  4- 6 || total
-------------------------+-------+-------++-------
Melee: Short sword       |       |    17 ||    17
 Fire: Hunting sling     |    62 |    31 ||    93
 Cast: Pain              |    15 |    26 ||    41
       Animate Skeleton  |    12 |     7 ||    19
       Regeneration      |       |     1 ||     1
  Eat: Chunk             |     3 |     3 ||     6
Armor: Robe              |     5 |     5 ||    10
Dodge: Dodged            |    20 |    27 ||    47

Table legend:
 A = Non-vault XP
 B = Vault XP
 C = Vault XP percentage of total XP
 D = Non-vault monster count
 E = Vault monster count
 F = Vault count percentage of total count
                 A         B        C        D         E       F
            +---------+---------+-------+---------+---------+-------
      Total |     123 |      48 |  28.1 |      41 |      19 |  31.7
            +---------+---------+-------+---------+---------+-------
        D:1 |      40 |       0 |   0.0 |      22 |       0 |   0.0
        D:2 |      51 |       2 |   3.8 |      11 |       2 |  15.4
        D:3 |      32 |      19 |  37.3 |       8 |       6 |  42.9
      Sewer |       0 |      27 | 100.0 |       0 |      11 | 100.0
            +---------+---------+-------+---------+---------+-------
